 Dungeon Crawl Stone Soup version 0.29-a0-96-g93358da72b (webtiles) character file.

Game seed: 2289896200380310187

27 Sweetruy1997 the Skirmisher (level 2, -3/24 HPs)
             Began as a Demonspawn Chaos Knight on Feb 13, 2022.
             Was a Plaything of Xom.
             Killed from afar by Terence (8 damage)
             ... with a puff of flame
             ... on level 2 of the Dungeon.
             The game lasted 00:02:10 (1335 turns).

Sweetruy1997 the Skirmisher (DsCK)                  Turns: 1335, Time: 00:02:11

Health: -3/24      AC:  5    Str: 12    XL:     2   Next: 93%
Magic:  2/2        EV: 11    Int: 13    God:    Xom [..*...]
Gold:   23         SH:  0    Dex: 14    Spells: 1/1 levels left

rFire   . . .      SeeInvis .   a - +0 falchion (chaos)
rCold   . . .      Faith    .   (no shield)
rNeg    . . .      Spirit   .   b - +2 leather armour
rPois   .          Reflect  .   (no helmet)
rElec   .          Harm     .   (no cloak)
rCorr   .          Rampage  .   (no gloves)
Will    .....                   (no boots)
Stlth   ++........              (no amulet)
HPRegen 0.08/turn               (no ring)
MPRegen 0.08/turn               (no ring)

@: no status effects
A: thin skeletal structure 1
a: Renounce Religion


You were on level 2 of the Dungeon.
You worshipped Xom.
You were a toy of Xom.
You visited 1 branch of the dungeon, and saw 2 of its levels.

You collected 23 gold pieces.

Inventory:

Hand Weapons
 a - a +0 falchion of chaos (weapon)
Armour
 b - a +2 leather armour (worn)
Scrolls
 c - a scroll of magic mapping
 d - 5 scrolls of identify


   Skills:
 + Level 3.4 Fighting
 + Level 3.2 Long Blades
 - Level 2.0 Armour
 - Level 1.0 Dodging
 + Level 0.1 Stealth


You had one spell level left.
You didn't know any spells.
Your spell library was empty.

Dungeon Overview and Level Annotations

Branches:
Dungeon (2/15)

Altars:

Annotations:
D:2 Terence


Innate Abilities, Weirdness & Mutations

You have a somewhat thin skeletal structure. (Dex +2, Stealth+)


Message History

The hobgoblin hits you but does no damage.
You hit the hobgoblin.
You kill the hobgoblin!
No target in view!
Terence the Incautious comes into view.
He is wielding a +1 flail of protection and carrying a wand of flame (19).
Terence shouts!
You hit Terence but do no damage. Terence closely misses you.
You barely miss Terence.
Terence hits you with a +1 flail of protection.
You barely miss Terence.
Terence hits you with a +1 flail of protection.
You hit Terence. You burn Terence. Your punch misses Terence.
Terence is lightly wounded.
Terence closely misses you.
You hit Terence but do no damage.
Terence seems to grow stronger.
Terence is lightly wounded.
Terence barely misses you.
You closely miss Terence.
Terence is lightly wounded.
Terence misses you.
You hit Terence but do no damage.
Nothing appears to happen.
Terence is lightly wounded.
Terence barely misses you.
Terence hits you with a +1 flail of protection!
Ouch! That really hurt!
* * * LOW HITPOINT WARNING * * *
You hit Terence but do no damage. You drain Terence.
Terence is heavily wounded.
Terence zaps a wand.
The puff of flame misses you.
You hit Terence but do no damage.
Nothing appears to happen.
Terence is heavily wounded.
Terence closely misses you.
You barely miss Terence.
Terence is heavily wounded.
Terence completely misses you.
You closely miss Terence.
Terence is heavily wounded.
Terence zaps a wand.
The puff of flame hits you!
You die...
Xom cackles wildly!

#..........##.........
.#........#####.#####
#........# .# #.#####.##
##+## #...# #.# ##...##
#.###.###.# ##.....##
#.........###.......##
##.#.#####...####.........#
.........@@..$..+..†......'
.#.#.#####...####.........#
#..## ##.......## #.##
##.....## #.. ##...## ###
##'## #.# #.# ##.##


You could see Terence (strong, drained).

Vanquished Creatures
  A worm (D:2)
  4 bats
  3 endoplasms
  2 goblins
  5 hobgoblins
  A kobold (D:2)
  2 quokkas
  A rat (D:1)
19 creatures vanquished.

Notes
Turn   | Place    | Note
-------+----------+-------------------------------------------
     0 | D:1      | Sweetruy1997 the Demonspawn Chaos Knight began the quest
                  | for the Orb.
     0 | D:1      | Reached XP level 1. HP: 18/18 MP: 1/1
   272 | D:1      | Gained mutation: You have a somewhat thin skeletal
                  | structure. (Dex +2, Stealth+) [demonic ancestry]
   272 | D:1      | Reached XP level 2. HP: 24/24 MP: 2/2
   360 | D:1      | XOM: silly message
   526 | D:1      | XOM: silly message
   686 | D:1      | XOM: cloud trail
   850 | D:1      | XOM is BORED!
   850 | D:1      | XOM: silly message
   885 | D:1      | XOM: divination: magic mapping
   905 | D:1      | XOM: divination: detect items
  1061 | D:2      | Reached skill level 1 in Dodging
  1317 | D:2      | Noticed Terence
  1335 | D:2      | Killed from afar by Terence

Illustrated notes

Levels and vault maps discovered:
D:1:      lightli_arrival_statue_moat, layout_loops_corners
D:2:      layout_loops_corners, serial_bayou_pond_e, uniq_terence

Skill      XL: |  1  2 |
---------------+-------+-----
Long Blades    | 3 |  3.2
Armour         | 2 |  2.0
Dodging        | 1 |  1.0
Fighting       | |  3.4
Stealth        | |  0.1

Action                   || total
-------------------------++-------
Melee: Falchion          ||    77
  Use: Scroll            ||     1
 Stab: Sleeping          ||     2
Armor: Leather armour    ||    16
Dodge: Dodged            ||    60

Table legend: (Time is in decaauts)
 A = Elapsed time spent in this place.
 B = Non-inter-level travel time spent in this place.
 C = Inter-level travel time spent in this place.
 D = Time resting spent in this place.
 E = Time spent auto-exploring this place.
 F = Levels seen in this place.
 G = Mean time per level.
                   A        B        C        D        E       F      G
               +--------+--------+--------+--------+--------+-----+--------+
         Total |   1346 |   1334 |     12 |    157 |    983 |   2 |  673.0 |
       Dungeon |   1346 |   1334 |     12 |    157 |    983 |   2 |  673.0 |
               +--------+--------+--------+--------+--------+-----+--------+

Top non-repeatable levels by time:
     D:1: 933 daAuts
     D:2: 413 daAuts
